 Dungeon Crawl Stone Soup version 0.21.1-1-g345015f (webtiles) character file.

200 vatarom the Caller (level 5, 38/40 HPs)
             Began as a Barachi Summoner on Apr 11, 2018.
             Was an Initiate of Ashenzari.
             Quit the game on level 5 of the Dungeon.
             The game lasted 00:08:59 (3318 turns).

vatarom the Caller (Barachi Summoner)               Turns: 3318, Time: 00:09:00

Health: 38/40      AC:  3    Str: 10    XL:     5   Next: 79%
Magic:  5/10       EV: 12    Int: 15    God:    Ashenzari [......]
Gold:   218        SH:  0    Dex: 13    Spells: 0/10 levels left

rFire    . . .     SeeInvis .   h - +1 short sword (speed)
rCold    . . .     Gourm    .   (no shield)
rNeg     . . .     Faith    .   a - +0 robe
rPois    .         Spirit   .   (no helmet)
rElec    .         Reflect  .   k - +0 cloak
rCorr    .         Harm     .   (no gloves)
MR       .....                  (no boots)
Stlth    ++........             (no amulet)
HPRegen  0.13/turn              (no ring)
MPRegen  0.12/turn              (no ring)

@: slow
A: +LOS, swims, slowness 1, strong legs 1
a: Hop, Curse Item, Renounce Religion


You were on level 5 of the Dungeon.
You worshipped Ashenzari.
Ashenzari was noncommittal.
You were hungry.

You visited 1 branch of the dungeon, and saw 5 of its levels.

You collected 218 gold pieces.

Inventory:

Hand Weapons
 h - a +1 short sword of speed (weapon)
Armour
 a - a +0 robe (worn)
 k - a +0 cloak (worn)
Scrolls
 f - a scroll of amnesia {unknown}
 j - a scroll of teleportation {unknown}
Potions
 d - a potion of invisibility
 e - a potion of agility {unknown}
 g - 2 potions of resistance {unknown}
 i - a potion of brilliance {unknown}
Books
 b - a book of Callings

   Spells                             Type                      Level
   a - Summon Small Mammal            Summoning                    1
   b - Call Imp                       Summoning                    2
   c - Call Canine Familiar           Summoning                    3
   d - Summon Guardian Golem          Hexes/Summoning              3
   e - Summon Lightning Spire         Summoning/Air                4
   f - Summon Ice Beast               Ice/Summoning                4
Comestibles
 c - 8 rations


   Skills:
 + Level 2.9 Fighting
 - Level 2.1 Dodging
 - Level 1.7 Stealth
 + Level 3.4 Spellcasting
 * Level 6.8 Summonings
 * Level 0.1 Air Magic


You couldn't memorise any spells.
You knew the following spells:

 Your Spells              Type           Power        Failure   Level  Hunger
a - Summon Small Mammal   Summ           ###.         1%          1    None
b - Call Imp              Summ           ###.....     1%          2    ##.....
c - Call Canine Familiar  Summ           ###.....     3%          3    ###....
d - Summon Lightning Spi  Summ/Air       ##......     41%         4    ####...


Dungeon Overview and Level Annotations

Branches:
Dungeon (5/15)
 Temple: D:4-7

Altars:
Ashenzari
Qazlal
Ru


Innate Abilities, Weirdness & Mutations

Shadows flee at your approach. (+LOS)
You can swim through water.
You cover ground slowly.
You can hop short distances.


Message History

Unknown command.
Casting: Call Imp
Confirm with . or Enter, or press ? or * to list all spells.
Casting: Call Canine Familiar
Confirm with . or Enter, or press ? or * to list all spells.
A beastly little devil appears in a puff of frigid air.
The adder barely misses you. The adder closely misses you.
Your white imp barely misses the adder.
You puncture the adder!
The adder is severely wounded.
Your hound barely misses the adder.
The adder bites you.
Your white imp barely misses the adder.
You miss the adder.
The adder is severely wounded.
Your hound bites the adder.
The adder barely misses you.
Unknown command.
You hit the adder.
You kill the adder!
No target in view!
Are you sure you want to abandon this character and quit the game? (Confirm with "yes".)

### ##.## #
#.#5h.#.###.##
#..†@<...!....
#...........##.##
#..#.........# #
#.#...[..##
...##.##.## #.#
### .# #. .# . +#
.


You could see a friendly hound and a friendly white imp.

Vanquished Creatures
  An iguana (D:4)
  2 adders
  An ooze (D:4)
  A dart slug (D:1)
  A leopard gecko (D:3)
  5 orcs (D:3)
  3 ball pythons
  4 bats
  2 giant cockroaches
  3 goblins
  5 hobgoblins
  A jackal (D:4)
  2 kobolds
  2 frilled lizards (D:2)
  A leopard gecko skeleton (D:4)
  3 rats
37 creatures vanquished.

Vanquished Creatures (collateral kills)
  A howler monkey (D:4)
  An orc priest (D:3)
  2 orc wizards (D:4)
  2 adders (D:2)
  3 worms
  A dart slug (D:3)
  5 orcs
  3 bats
  2 giant cockroaches (D:2)
  6 goblins
  3 hobgoblins
  3 jackals (D:4)
  4 kobolds
  2 ball pythons
  A frilled lizard (D:3)
  2 rats
41 creatures vanquished.

Grand Total: 78 creatures vanquished

Notes
Turn   | Place    | Note
-------+----------+-------------------------------------------
     0 | D:1      | vatarom the Barachi Summoner began the quest for the Orb.
     0 | D:1      | Reached XP level 1. HP: 13/13 MP: 3/3
   139 | D:1      | Reached skill level 5 in Summonings
   145 | D:1      | Reached XP level 2. HP: 20/20 MP: 5/5
   162 | D:1      | Learned a level 2 spell: Call Imp
   529 | D:1      | Reached skill level 1 in Fighting
   885 | D:2      | Reached XP level 3. HP: 26/26 MP: 3/6
   895 | D:2      | Learned a level 3 spell: Call Canine Familiar
  1599 | D:3      | Found a stormy altar of Qazlal.
  1600 | D:3      | Noticed an air elemental
  1600 | D:3      | Noticed a fire elemental
  1601 | D:3      | Noticed an earth elemental
  1601 | D:3      | Noticed a water elemental
  1697 | D:3      | Reached XP level 4. HP: 23/33 MP: 1/8
  1864 | D:3      | Reached skill level 6 in Summonings
  2318 | D:3      | Found a shattered altar of Ashenzari.
  2324 | D:3      | Became a worshipper of Ashenzari the Shackled
  2418 | D:3      | Found a sacrificial altar of Ru.
  2545 | D:4      | Reached XP level 5. HP: 32/39 MP: 3/9
  3280 | D:4      | Learned a level 4 spell: Summon Lightning Spire
  3311 | D:5      | Entered Level 5 of the Dungeon
  3318 | D:5      | Quit the game

Skill      XL: |  1  2  3  4 |
---------------+-------------+-----
Summonings     | 5 6 |  6.8
Fighting       | 1 2 |  2.9
Spellcasting   | 3 |  3.4
Dodging        | |  2.1
Stealth        | |  1.7
Air Magic      | |  0.1

Action                   |  1- 3 |  4- 6 || total
-------------------------+-------+-------++-------
Melee: Dagger            |     5 |       ||     5
       Short sword       |    75 |    70 ||   145
 Cast: Summon Small Mamm |     5 |       ||     5
       Call Imp          |    21 |     8 ||    29
       Call Canine Famil |     5 |    11 ||    16
  Use: Scroll            |     2 |     3 ||     5
 Stab: Sleeping          |     6 |     1 ||     7
       Distracted        |     1 |       ||     1
  Eat: Chunk             |     5 |     3 ||     8
       Ration            |       |     1 ||     1
Armor: Robe              |    29 |     9 ||    38
Dodge: Dodged            |    66 |    35 ||   101
